 Dungeon Crawl Stone Soup version 0.27-a0-385-g3208abaabc (webtiles) character file.

Game seed: 1723460619916080498

307212 Murumi the Deadly Accurate (level 21, -4/221 HPs)
             Began as an Ogre Gladiator on Feb 16, 2021.
             Was the Champion of Okawaru.
             Slain by a deep troll (11 damage)
             ... on level 5 of the Depths on Feb 18, 2021.
             The game lasted 04:23:42 (53432 turns).

Murumi the Deadly Accurate (Ogre Gladiator)        Turns: 53432, Time: 04:23:42

Health: -4/221     AC: 13    Str: 30    XL:     21   Next: 18%
Magic:  27/27      EV: 18    Int: 16    God:    Okawaru [******]
Gold:   1742       SH:  0    Dex: 10    Spells: 20/20 levels left

rFire    . . .     SeeInvis +   T - +7 mace of Variability {chain chaos}
rCold    + . .     Faith    .   (shield currently unavailable)
rNeg     . . .     Spirit   .   Y - +4 troll leather armour {Purgy}
rPois    +         Reflect  .   c - +2 hat {SInv}
rElec    .         Harm     .   O - scarf {repulsion}
rCorr    .         Rampage  .   (gloves unavailable)
Will     ++...                  (boots unavailable)
Stlth    +++++++...             X - amulet of regeneration
HPRegen  2.46/turn              A - ring "Ulekuass" {rPois rC+ Str+6}
MPRegen  0.20/turn              p - +4 ring of slaying

@: heroism, studying Translocations, repel missiles
A: large, unfitting armour, tough skin 1
}: 2/15 runes: decaying, serpentine
a: Renounce Religion, Heroism, Finesse


You were on level 5 of the Depths.
You worshipped Okawaru.
Okawaru was exalted by your worship.
You visited 7 branches of the dungeon, and saw 37 of its levels.
You also visited: Sewer, Ossuary, Bailey, Gauntlet and Ice Cave.

You collected 4638 gold pieces.
You spent 2896 gold pieces at shops.

Inventory:

Hand Weapons
 T - the +7 mace of Variability (weapon) {chain chaos}
   (You subdued it on level 3 of the Depths)

   Each time it hits an enemy it has a different, random effect.
Missiles
 d - 13 throwing nets
 k - 17 javelins
 u - 41 large rocks (quivered)
 y - 24 boomerangs of dispersal
 D - 3 silver javelins
 H - 15 atropa-tipped darts
 M - 6 datura-tipped darts
 Q - 74 poisoned darts
 U - 9 curare-tipped darts
Armour
 c - a +2 hat of see invisible (worn)
 O - a scarf of repulsion (worn)
 Y - a +4 troll leather armour (worn) {Purgy}
Jewellery
 p - a +4 ring of slaying (right hand)
 r - the ring "Plog" {Wiz rElec}
   (You acquired it on level 3 of the Lair of Beasts)

   [ring of wizardry]

   It improves your spell success rate.
   It insulates you from electricity.
 A - the ring "Ulekuass" (left hand) {rPois rC+ Str+6}
   (You bought it in a shop on level 1 of the Snake Pit)

   [ring of strength]

   It affects your strength (+6).
   It protects you from cold.
   It protects you from poison.
 F - a ring of protection from cold
 K - a ring of positive energy
 N - a ring of protection from fire
 W - a ring of protection from fire
 X - an amulet of regeneration (around neck)
 Z - a ring of positive energy
Wands
 f - a wand of charming (19)
 t - a wand of acid (51)
 v - a wand of mindburst (50)
 w - a wand of iceblast (53)
 z - a wand of polymorph (26)
 B - a wand of digging (5)
 C - a wand of paralysis (18)
Scrolls
 a - a scroll of fear
 j - 3 scrolls of magic mapping
 l - 17 scrolls of teleportation
 q - 25 scrolls of identify
 x - 3 scrolls of blinking
 E - 2 scrolls of silence
 L - 3 scrolls of fog
Potions
 e - 7 potions of magic
 g - 4 potions of cancellation
 h - 5 potions of mutation
 m - 6 potions of haste
 n - 4 potions of might
 o - 16 potions of curing
 s - 3 potions of invisibility
 I - 6 potions of heal wounds
 R - 4 potions of berserk rage
 S - 4 potions of resistance
 V - 2 potions of flight
Miscellaneous
 b - a condenser vane
 i - a phantom mirror
 G - a tin of tremorstones (2/2)
 J - a lightning rod (4/4)
 P - a box of beasts


   Skills:
 + Level 15.8(20.8) Fighting
 - Level 16.0(21.0) Maces & Flails
 - Level 18.0(23.0) Throwing
 - Level 9.0(14.0) Armour
 - Level 15.0(20.0) Dodging
 - Level 14.0(19.0) Stealth
 - Level 8.0 Invocations
 - Level 4.0 Evocations


You had 20 spell levels left.
You didn't know any spells.
Your spell library contained the following spells:

 Spells                   Type           Power        Failure   Level
 Animate Skeleton         Necr           0%           26%         1
 Apportation              Tloc           0%           26%         1
 Corona                   Hex            0%           26%         1
 Freeze                   Ice            0%           26%         1
 Shock                    Conj/Air       0%           26%         1
 Sting                    Tmut/Pois      0%           26%         1
 Summon Small Mammal      Summ           0%           26%         1
 Blink                    Tloc           N/A          38%         2
 Ensorcelled Hibernation  Hex/Ice        0%           38%         2
 Poisonous Vapours        Pois/Air       0%           38%         2
 Swiftness                Air            0%           38%         2
 Confusing Touch          Hex            0%           63%         3
 Conjure Flame            Conj/Fire      0%           63%         3
 Frozen Ramparts          Ice            0%           63%         3
 Gell's Gravitas          Tloc           0%           63%         3
 Inner Flame              Hex/Fire       0%           63%         3
 Lesser Beckoning         Tloc           0%           63%         3
 Mephitic Cloud           Conj/Pois/Air  0%           63%         3
 Ozocubu's Armour         Ice            0%           63%         3
 Static Discharge         Conj/Air       0%           63%         3
 Teleport Other           Tloc           0%           63%         3
 Airstrike                Air            0%           95%         4
 Animate Armour           Summ/Erth      0%           95%         4
 Animate Dead             Necr           0%           95%         4
 Cause Fear               Hex            0%           95%         4
 Hailstorm                Conj/Ice       0%           95%         4
 Ice Form                 Ice/Tmut       0%           95%         4
 Leda's Liquefaction      Hex/Erth       0%           95%         4
 Manifold Assault         Tloc           0%           95%         4
 Petrify                  Tmut/Erth      0%           95%         4
 Summon Ice Beast         Ice/Summ       0%           95%         4
 Blade Hands              Tmut           0%           100%        5
 Bolt of Magma            Conj/Fire/Erth 0%           100%        5
 Borgnjor's Vile Clutch   Necr/Erth      0%           100%        5
 Lightning Bolt           Conj/Air       0%           100%        5
 Metabolic Englaciation   Hex/Ice        0%           100%        5
 Silence                  Hex/Air        0%           100%        5
 Yara's Violent Unravell  Hex/Tmut       0%           100%        5
 Death Channel            Necr           0%           100%        6
 Freezing Cloud           Conj/Ice/Air   0%           100%        6
 Invisibility             Hex            0%           100%        6
 Iron Shot                Conj/Erth      0%           100%        6
 Simulacrum               Ice/Necr       0%           100%        6
 Statue Form              Tmut/Erth      0%           100%        6
 Haunt                    Necr/Summ      0%           100%        7
 Malign Gateway           Summ/Tloc      0%           100%        7
 Monstrous Menagerie      Summ           0%           100%        7
 Borgnjor's Revivificati  Necr           0%           100%        8
 Discord                  Hex            0%           100%        8
 Ignition                 Fire           0%           100%        8
 Infestation              Necr           0%           100%        8
 Necromutation            Tmut/Necr      0%           100%        8
 Summon Horrible Things   Summ           0%           100%        8
 Death's Door             Necr           0%           100%        9
 Shatter                  Erth           0%           100%        9
 Tornado                  Air            0%           100%        9


Dungeon Overview and Level Annotations

Branches:
Dungeon (15/15)            Temple (1/1) D:4            Lair (6/6) D:10
  Swamp (4/4) Lair:2        Snake (4/4) Lair:2        Slime (0/5) Lair:6
    Orc (2/2) D:12            Elf (0/3) Orc:2        Vaults (0/5) D:13
 Depths (4/5) D:15          Sewer (visited)         Ossuary (visited)
 Bailey (visited)           IceCv (visited)         Gauntlet (visited)

Altars:
Ashenzari
Cheibriados
Dithmenos
Elyvilon
Fedhas
Gozag
Hepliaklqana
Kikubaaqudgha
Makhleb
Nemelex Xobeh
Okawaru
Qazlal
Ru
Sif Muna
Trog
Uskayaw
Vehumet
Wu Jian
Xom
Yredelemnul
Zin
The Shining One
Jiyva

Shops:
D:13 [   Orc:2 (=[*   Snake:1 (=   Snake:3 =?   Snake:4 ::=[   Depths:1 *[?[
Depths:3 *

Portals:
Hell: Depths:1 Depths:2 Depths:3
Pandemonium: Depths:1 Depths:3
Ziggurat: Depths:1
Trove: Depths:2 (give 13 potions of heal wounds)

Annotations:
Lair:6 1 runed translucent door


Innate Abilities, Weirdness & Mutations

You are too large for most types of armour.
You have tough skin. (AC +1)


Message History

You sock the deep troll! You burn the deep troll.
The mace of Variability scintillates.
A swirling arc of seething chaos appears!
The arc of chaos hits the deep troll!
The deep troll is heavily wounded.
The arc of chaos hits the cyan ugly thing!
The cyan ugly thing is poisoned.
The cyan ugly thing is moderately wounded.
The arc of chaos hits the deep troll!
The deep troll is poisoned.
The deep troll is severely wounded.
The arc of chaos hits the cyan ugly thing!
The cyan ugly thing is moderately wounded.
The arc of chaos hits the green very ugly thing!
The green very ugly thing is lightly wounded.
The arc of chaos hits the white ugly thing.
The white ugly thing's mind is blasted!
The arc of chaos hits the green very ugly thing.
The green very ugly thing is lightly wounded.
The arc of chaos hits the white ugly thing.
The white ugly thing basks in the mutagenic energy and changes!
The arc of chaos hits the cyan ugly thing.
The cyan ugly thing is moderately wounded.
The deep troll is severely wounded.
The cyan ugly thing basks in the mutagenic energy from its kin and changes!
The deep troll barely misses you. The deep troll claws you!
* * * LOW HITPOINT WARNING * * *
The deep troll claws you but does no damage.
You completely miss the deep troll.
The deep troll is severely wounded.
The deep troll bites you!
* * * LOW HITPOINT WARNING * * *
The deep troll completely misses you. The deep troll claws you.
* * * LOW HITPOINT WARNING * * *
Unknown command.
You barely miss the deep troll.
The deep troll is severely wounded.
The deep troll bites you!
* * * LOW HITPOINT WARNING * * *
The deep troll claws you!
You die...

#..[.......#
#..........#
#..........#
#..........#
#..........#
#TT........#
#uu........#
##TuG.......#
#@###########
#.## #.# #.#
#.# #.# #.#
##


You could see a green very ugly thing, a great orb of eyes, 2 ugly things, 2
deep trolls and a deep troll shaman.

Vanquished Creatures
  Nikola (Snake:4)
  Jorgrun (Snake:1)
  An Ice Fiend (IceCv)
  A titan (Depths:2)
  Frances (Snake:2)
  A sphinx (Depths:1)
  5 acid blobs (Depths:1)
  A storm dragon (D:14)
  6 thorn hunters
  The ghost of Teittuo the Spry, an adept FeFi of Makhleb (Depths:3)
  9 nagarajas
  2 fire giants
  2 tengu reavers
  4 azure jellies (Depths:1)
  A frost giant (Depths:2)
  Aizul (Snake:1)
  An orc warlord (Orc:2)
  A spriggan defender (Depths:3)
  3 vampire knights
  11 very ugly things
  6 stone giants
  A minotaur (Gauntlet)
  2 spark wasps (Depths:3)
  Azrael (Snake:2)
  A blizzard demon (Depths:3)
  6 death oozes (Depths:1)
  8 ettins
  Snorg (Lair:5)
  3 fire dragons
  5 great orbs of eyes
  A shambling mangrove (Swamp:4)
  3 vault guards (D:13)
  A yaktaur captain (Depths:2)
  2 rakshasas (D:15)
  4 catoblepae
  20 hydras
  2 ghost crabs
  9 anacondas
  3 boulder beetles
  6 ice dragons
  13 naga warriors
  2 ogre magi
  4 centaur warriors
  9 two-headed ogres
  3 deep troll shamans
  10 alligators
  An alligator (shapeshifter) (Depths:2)
  A death scarab (Gauntlet)
  3 death yaks (Lair:6)
  6 tengu warriors
  4 deep troll earth magi
  A dancing weapon (Depths:3)
  2 spriggan berserkers (Depths:2)
  7 shock serpents
  11 naga sharpshooters
  A vampire mage (Depths:2)
  Nergalle (Orc:1)
  4 orc high priests (Orc:2)
  2 soul eaters
  28 naga magi
  2 deep elf knights (D:13)
  2 sea snakes (Snake:2)
  7 skeletal warriors
  4 deep trolls
  3 salamander mystics
  6 spriggan druids
  2 goliath frogs (Swamp:3)
  A death drake (shapeshifter) (Depths:1)
  A glowing orange brain (Depths:2)
  5 swamp dragons
  3 spectral hydras (Swamp:4)
  A flayed ghost (Depths:1)
  3 bog bodies
  3 unseen horrors
  5 naga ritualists (Snake:4)
  A wizard (Depths:3)
  A deep elf zephyrmancer (D:9)
  4 lindwurms
  A deep elf pyromancer (D:15)
  An orb spider (shapeshifter) (Depths:1)
  8 orc knights
  A necromancer (Depths:3)
  30 slime creatures
  3 oklob plants (Swamp:4)
  7 mana vipers
  A wolf spider (shapeshifter) (D:15)
  6 will-o-the-wisps
  27 ugly things
  5 orc sorcerers
  4 cyclopes
  13 salamanders
  9 elephants
  2 guardian serpents
  Joseph (Lair:1)
  30 black mambas
  A rust devil (Depths:3)
  A torpor snail (Lair:4)
  A smoke demon (Gauntlet)
  19 cane toads
  A gargoyle (D:10)
  A cane toad (shapeshifter) (D:15)
  11 yaktaurs
  5 freezing wraiths
  4 rime drakes
  2 tengu conjurers
  15 komodo dragons
  3 red devils
  7 ice devils (IceCv)
  3 death drake zombies (Swamp:4)
  2 anaconda simulacra (IceCv)
  3 trolls
  4 hydra zombies (Swamp:4)
  6 hornets
  A polar bear (shapeshifter) (D:14)
  3 bloated husks
  A hydra skeleton (Swamp:4)
  6 tyrant leeches
  7 raiju (D:14)
  A death drake skeleton (Swamp:4)
  2 polar bears
  14 blink frogs
  19 dream sheep
  5 spriggans
  A dire elephant simulacrum (IceCv)
  5 wyverns
  7 flying skulls (Gauntlet)
  A redback (D:13)
  A shadow (D:13)
  3 wraiths
  55 yaks
  2 vampires
  6 basilisks
  A human (D:13)
  A fire elemental (Snake:2)
  A steam dragon (D:9)
  3 vampire mosquitoes (Swamp:3)
  2 death yak simulacra (IceCv)
  3 wargs
  4 harpy simulacra (IceCv)
  A spectral cane toad (Gauntlet)
  3 iron troll simulacra (IceCv)
  25 water moccasins
  51 nagas
  An acid dragon (D:11)
  9 swamp worms
  A floating eye (Depths:3)
  7 hell hounds (Snake:2)
  7 hydra simulacra
  40 orc warriors
  A swamp dragon zombie (Swamp:4)
  4 swamp drakes
  5 sky beasts
  An ettin simulacrum (IceCv)
  2 hornet zombies (Ossuary)
  9 ice beasts
  Purgy (Sewer)
  2 necrophages
  15 ogres
  6 black bears
  10 boggarts
  19 centaurs
  11 wolves
  3 kobold brigands
  5 phantoms
  29 bullfrogs
  8 gnoll sergeants (Bailey)
  A wyvern skeleton (D:14)
  6 scorpions
  9 killer bees
  16 wights
  4 electric eels
  7 crimson imps
  2 howler monkeys
  6 bullfrog zombies
  3 draconian simulacra (IceCv)
  A quasit (D:7)
  26 orc priests
  6 centaur zombies
  5 hounds
  4 jellies
  A bullfrog skeleton (D:6)
  Crazy Yiuf (D:6)
  6 centaur skeletons
  15 mummies (Ossuary)
  6 gnoll shamans (Bailey)
  25 orc wizards
  Ijyb (D:3)
  4 iguanas
  Natasha (thrice) (D:3)
  3 troll simulacra (IceCv)
  A polar bear simulacrum (IceCv)
  12 worker ants
  2 lightning spires (Swamp:2)
  2 wolf simulacra (IceCv)
  A killer bee zombie (Ossuary)
  2 hound zombies
  A hound skeleton (D:6)
  3 worker ant zombies (Ossuary)
  A howler monkey zombie (Ossuary)
  A howler monkey skeleton (D:11)
  Robin (D:2)
  20 gnolls
  20 adders
  2 naga simulacra (IceCv)
  3 ogre simulacra (IceCv)
  13 white imps
  3 ufetubi
  An adder skeleton (D:9)
  3 adder zombies
  A worm (D:2)
  A dart slug (D:1)
  5 leopard geckos
  115 orcs
  5 bats
  11 giant cockroaches
  15 goblins
  10 hobgoblins
  6 jackals
  26 kobolds
  7 quokkas
  5 ball pythons
  4 frilled lizards
  2 leopard gecko zombies (Ossuary)
  2 quokka skeletons (D:6)
  2 quokka zombies
  6 rats
  A rat zombie (D:8)
  2 ball lightnings (Swamp:2)
1454 creatures vanquished.

Vanquished Creatures (collateral kills)
  Donald (Snake:1)
  A naga sharpshooter (Snake:4)
  A salamander (Snake:1)
  A naga mage (Snake:4)
  A yak (Lair:4)
  2 nagas (Snake:1)
7 creatures vanquished.

Vanquished Creatures (others)
  A naga ritualist (Snake:4)
  A mana viper (Snake:4)
  A black mamba (Snake:4)
  2 nagas (Snake:1)
  A white imp (IceCv)
  2 ufetubi (IceCv)
  2 briar patches (Swamp:4)
  8 foxfires
  19 fungi
  60 plants
  7 toadstools (Lair:5)
  2 withered plants (Ossuary)
106 creatures vanquished.

Grand Total: 1567 creatures vanquished

Notes
Turn   | Place    | Note
-------+----------+-------------------------------------------
     0 | D:1      | Murumi the Ogre Gladiator began the quest for the Orb.
     0 | D:1      | Reached XP level 1. HP: 22/22 MP: 1/1
   120 | D:1      | Reached XP level 2. HP: 29/29 MP: 2/2
   840 | D:2      | Found a sparkling altar of Nemelex Xobeh.
   975 | D:2      | Reached skill level 1 in Stealth
   975 | D:2      | Reached XP level 3. HP: 37/37 MP: 3/3
  1239 | D:2      | Noticed Robin
  1276 | D:2      | Killed Robin
  1277 | D:2      | Reached XP level 4. HP: 22/45 MP: 4/4
  1765 | D:2      | Found a shimmering blue altar of Sif Muna.
  2214 | D:3      | Reached skill level 3 in Throwing
  2248 | D:3      | Found a glowing drain.
  2259 | Sewer    | Entered a sewer
  2406 | Sewer    | Noticed Purgy
  2421 | Sewer    | Killed Purgy
  2422 | Sewer    | Reached skill level 4 in Throwing
  2422 | Sewer    | Reached XP level 5. HP: 34/53 MP: 5/5
  2803 | D:3      | Noticed Natasha
  2818 | D:3      | Killed Natasha
  2819 | D:3      | Reached XP level 6. HP: 54/61 MP: 6/6
  2957 | D:3      | Noticed Ijyb
  2957 | D:3      | Noticed Natasha
  2976 | D:3      | Killed Ijyb
  3366 | D:3      | Killed Natasha
  3570 | D:3      | Noticed Natasha
  3584 | D:3      | Killed Natasha
  3821 | D:4      | Found a staircase to the Ecumenical Temple.
  3925 | Temple   | Entered the Ecumenical Temple
  4135 | Temple   | Became a worshipper of Warmaster Okawaru
  4242 | D:4      | Reached skill level 1 in Armour
  4242 | D:4      | Reached skill level 1 in Invocations
  4242 | D:4      | Reached XP level 7. HP: 70/70 MP: 7/7
  4292 | D:4      | Reached skill level 5 in Throwing
  4499 | D:4      | Noticed an air elemental
  4508 | D:4      | Noticed a water elemental
  4509 | D:4      | Found a stormy altar of Qazlal.
  4519 | D:4      | Noticed a fire elemental
  4848 | D:4      | Found a shadowy altar of Dithmenos.
  5086 | D:4      | Found a bloodstained altar of Trog.
  5113 | D:4      | Reached skill level 1 in Evocations
  5291 | D:5      | Entered Level 5 of the Dungeon
  5531 | D:5      | Reached * piety under Okawaru
  5532 | D:5      | Reached XP level 8. HP: 78/78 MP: 8/8
  6177 | D:5      | HP: 3/78 [scorpion (6)]
  6185 | D:5      | Reached skill level 5 in Maces & Flails
  6340 | D:6      | Reached skill level 6 in Throwing
  6387 | D:6      | Reached skill level 5 in Fighting
  6566 | D:6      | Reached ** piety under Okawaru
  6610 | D:6      | Reached skill level 7 in Throwing
  6610 | D:6      | Reached XP level 9. HP: 75/88 MP: 10/10
  7003 | D:6      | Found a runed translucent door.
  7004 | D:6      | Noticed Crazy Yiuf
  7015 | D:6      | Killed Crazy Yiuf
  7172 | D:6      | Reached skill level 5 in Stealth
  7656 | D:7      | Reached *** piety under Okawaru
  7982 | D:7      | Received a gift from Okawaru
  7983 | D:7      | Reached skill level 8 in Throwing
  8086 | D:7      | Found a sacrificial altar of Ru.
  8312 | D:8      | Found a glowing golden altar of the Shining One.
  8321 | D:8      | Found a sand-covered staircase.
  8329 | Ossuary  | Entered an ossuary
  8434 | Ossuary  | Reached XP level 10. HP: 82/102 MP: 11/11
  9156 | D:8      | Received a gift from Okawaru
  9523 | D:8      | Reached **** piety under Okawaru
  9924 | D:8      | Paralysed by a hornet for 2 turns
  9947 | D:8      | Found an ancient bone altar of Kikubaaqudgha.
  9991 | D:9      | Reached skill level 9 in Throwing
 10551 | D:9      | Noticed a deep elf zephyrmancer
 10552 | D:9      | Noticed a deep troll
 10571 | D:9      | Killed a deep troll
 10579 | D:9      | Killed a deep elf zephyrmancer
 10579 | D:9      | Reached ***** piety under Okawaru
 10580 | D:9      | Reached XP level 11. HP: 18/113 MP: 10/13
 10992 | D:9      | You fall into a shaft and drop 2 floors!
 11059 | D:10     | Entered Level 10 of the Dungeon
 11091 | D:10     | Received a gift from Okawaru
 11135 | D:10     | Found a flagged portal.
 11151 | Bailey   | Entered a bailey
 12253 | D:10     | Noticed a two-headed ogre
 12261 | D:10     | Killed a two-headed ogre
 12698 | D:10     | Found a staircase to the Lair.
 13175 | D:11     | Received a gift from Okawaru
 13194 | D:11     | Noticed a seven-headed hydra
 13213 | D:11     | Killed a seven-headed hydra
 13329 | D:11     | Reached skill level 10 in Throwing
 13438 | D:11     | Received a gift from Okawaru
 13640 | D:11     | Killed an unseen horror
 14156 | D:11     | Got a brightly glowing flail {god gift}
 14156 | D:11     | Identified the +2 flail "Ogre's Peril" {drain, Dex+3}
                  | (Okawaru gifted it to you on level 11 of the Dungeon)
 14288 | D:12     | Reached XP level 12. HP: 123/123 MP: 14/14
 14331 | D:12     | Reached skill level 5 in Dodging
 14336 | D:12     | HP: 2/123 [skeletal warrior/+0 flail[a skeletal warrior]
                  | (15)]
 14341 | D:12     | HP: 5/123 [skeletal warrior/+0 flail[a skeletal warrior]
                  | (10)]
 14509 | D:12     | Received a gift from Okawaru
 15100 | D:12     | Noticed a five-headed hydra
 15103 | D:12     | Killed a five-headed hydra
 15139 | D:12     | Reached skill level 11 in Throwing
 15274 | D:12     | Found a staircase to the Orcish Mines.
 15472 | D:12     | You fall into a shaft and drop 3 floors!
 15472 | D:15     | Entered Level 15 of the Dungeon
 15549 | D:15     | Reached skill level 10 in Fighting
 15624 | D:15     | Noticed a two-headed ogre
 15634 | D:15     | Killed a two-headed ogre
 15814 | D:15     | Reached skill level 10 in Maces & Flails
 15814 | D:15     | Reached XP level 13. HP: 133/133 MP: 8/16
 15857 | D:15     | Reached ****** piety under Okawaru
 15857 | D:15     | Received a gift from Okawaru
 16012 | D:13     | Found Oticauph's Antique Armour Shop.
 16283 | D:12     | Got masterwork swamp dragon scales {god gift}
 16293 | D:12     | Identified the +3 swamp dragon scales "Ystocos" {-Tele +Inv
                  | rPois rCorr Str+4} (Okawaru gifted it to you on level 12 of
                  | the Dungeon)
 16374 | Lair:1   | Entered Level 1 of the Lair of Beasts
 16643 | Lair:1   | Noticed Joseph
 16648 | Lair:1   | Killed Joseph
 17523 | Lair:2   | Reached skill level 5 in Armour
 17839 | Lair:2   | Found a staircase to the Snake Pit.
 18180 | Lair:2   | Found a staircase to the Swamp.
 18202 | Lair:2   | Received a gift from Okawaru
 18943 | Lair:3   | Reached skill level 12 in Throwing
 18973 | Lair:3   | Reached XP level 14. HP: 37/143 MP: 17/17
 20121 | Lair:3   | Identified a scroll of acquirement
 20121 | Lair:3   | Acquired the ring "Plog" {Wiz rElec}
 20172 | Lair:3   | Reached skill level 10 in Stealth
 20458 | Lair:3   | Received a gift from Okawaru
 20465 | Lair:3   | Got a bloodstained dire flail {god gift}
 20465 | Lair:3   | Identified the +4 dire flail of Judghicu {speed, Will+}
                  | (Okawaru gifted it to you on level 3 of the Lair of Beasts)
 20707 | Lair:3   | Reached skill level 5 in Invocations
 22121 | Lair:4   | Found a runed translucent door.
 22257 | Lair:4   | Received a gift from Okawaru
 22528 | Lair:4   | Received a gift from Okawaru
 22792 | Lair:5   | Found a gate leading to a gauntlet.
 22806 | Gauntlet | Entered a Gauntlet
 22806 | Gauntlet | Found a transporter.
 22806 | Gauntlet | Found a transporter.
 22869 | Gauntlet | Found a transporter.
 22872 | Gauntlet | Found a transporter.
 22872 | Gauntlet | Found a transporter.
 22874 | Gauntlet | Found a transporter.
 22882 | Gauntlet | Found a transporter.
 22886 | Gauntlet | Found a transporter.
 22896 | Gauntlet | Found a transporter.
 22901 | Gauntlet | Found a transporter.
 22923 | Gauntlet | Found a transporter.
 22925 | Gauntlet | Found a transporter.
 23240 | Gauntlet | Reached skill level 13 in Throwing
 23922 | Lair:5   | Noticed Snorg
 23936 | Lair:5   | Killed Snorg
 24339 | Lair:5   | Reached XP level 15. HP: 96/156 MP: 18/18
 24716 | Lair:5   | Found a runed translucent door.
 25104 | Lair:5   | Received a gift from Okawaru
 25348 | Lair:6   | Entered Level 6 of the Lair of Beasts
 25392 | Lair:5   | Received a gift from Okawaru
 26365 | Lair:6   | Received a gift from Okawaru
 27099 | Lair:6   | Identified the ring "Vuvoeqop" {SInv Stlth+} (You found it
                  | on level 6 of the Lair of Beasts)
 27415 | Lair:6   | Received a gift from Okawaru
 27416 | Lair:6   | Reached skill level 14 in Throwing
 27444 | Lair:6   | Identified the +1 cloak of Ughum {rC+ rCorr Stlth+}
                  | (Okawaru gifted it to you on level 6 of the Lair of Beasts)
 27588 | Lair:6   | Identified the Disquisition on the Glacier and the Oath
 27757 | Lair:6   | Found a runed translucent door.
 27757 | Lair:6   | Found a viscous altar of Jiyva.
 27757 | Lair:6   | Found a staircase to the Slime Pits.
 28185 | Orc:1    | Entered Level 1 of the Orcish Mines
 28861 | Orc:1    | Noticed Nergalle
 28872 | Orc:1    | Killed Nergalle
 29346 | Orc:2    | Entered Level 2 of the Orcish Mines
 29541 | Orc:2    | Upgraded the game from 0.27-a0-362-g8331d791d5 to
                  | 0.27-a0-379-g34d631faf5
 30255 | Orc:2    | Noticed an orc warlord
 30281 | Orc:2    | Killed an orc warlord
 30281 | Orc:2    | Received a gift from Okawaru
 30387 | Orc:2    | Reached XP level 16. HP: 153/165 MP: 20/20
 30427 | Orc:2    | Found a staircase to the Elven Halls.
 30556 | Orc:2    | Received a gift from Okawaru
 31035 | Orc:2    | Found Tiavaop's General Store.
 31045 | Orc:2    | Found Leaxtist's Antique Armour Shoppe.
 31045 | Orc:2    | Found Deiriadgh's Antique Weapon Emporium.
 31047 | Orc:2    | Found Gehibly's Jewellery Shoppe.
 31641 | Swamp:1  | Entered Level 1 of the Swamp
 32064 | Swamp:1  | Received a gift from Okawaru
 32739 | Swamp:2  | Noticed a thorn hunter
 32751 | Swamp:2  | Killed a thorn hunter
 32980 | Swamp:2  | Found a bloodstained altar of Trog.
 34646 | Swamp:4  | Entered Level 4 of the Swamp
 34646 | Swamp:4  | Noticed a thorn hunter
 34655 | Swamp:4  | Reached skill level 15 in Throwing
 34662 | Swamp:4  | Killed a thorn hunter
 35111 | Swamp:4  | Received a gift from Okawaru
 35201 | Swamp:4  | Received a gift from Okawaru
 35496 | Swamp:4  | Reached XP level 17. HP: 157/176 MP: 21/21
 35645 | Swamp:4  | Received a gift from Okawaru
 35932 | Swamp:4  | Found a basalt altar of Yredelemnul.
 35949 | Swamp:4  | Got a decaying rune of Zot
 36420 | Swamp:4  | Found a blossoming altar of Fedhas.
 36660 | Snake:1  | Entered Level 1 of the Snake Pit
 36660 | Snake:1  | Noticed Donald
 36673 | Snake:1  | Killed Donald
 37395 | Lair:2   | Upgraded the game from 0.27-a0-379-g34d631faf5 to
                  | 0.27-a0-385-g3208abaabc
 37871 | Snake:1  | Noticed Aizul
 37903 | Snake:1  | Received a gift from Okawaru
 37932 | Snake:1  | Killed Aizul
 38263 | Snake:1  | Noticed Jorgrun
 38280 | Snake:1  | Killed Jorgrun
 38280 | Snake:1  | Received a gift from Okawaru
 38304 | Snake:1  | Identified the +6 giant spiked club of Grace {spect, rC+
                  | rN+ Will-} (Okawaru gifted it to you on level 1 of the
                  | Snake Pit)
 38501 | Snake:1  | Found Fess's Antique Weapon Shop.
 38506 | Snake:1  | Found Minid's Jewellery Shop.
 38511 | Snake:1  | You fall into a shaft and drop 1 floor!
 38606 | Snake:2  | Found a frozen archway.
 38673 | IceCv    | Entered an ice cave
 38966 | IceCv    | Identified the Incunabulum of Burning Transmigration
 39425 | IceCv    | Noticed an Ice Fiend
 39440 | IceCv    | Killed an Ice Fiend
 39440 | IceCv    | Received a gift from Okawaru
 39826 | Snake:2  | Noticed Frances
 39838 | Snake:2  | Noticed Azrael
 39843 | Snake:2  | Killed Azrael
 39844 | Snake:2  | Killed Frances
 40015 | Snake:1  | Reached XP level 18. HP: 162/189 MP: 23/23
 40194 | Snake:1  | Bought the ring "Ulekuass" {rPois rC+ Str+6} for 920 gold
                  | pieces
 40567 | Snake:1  | Reached skill level 16 in Throwing
 40928 | Snake:2  | You fall into a shaft and drop 1 floor!
 41685 | Snake:3  | Found Rakhli Kulon's Magic Scroll Shoppe.
 41685 | Snake:3  | Found Iputz's Jewellery Emporium.
 41693 | Snake:3  | Bought a scroll of acquirement for 988 gold pieces
 41693 | Snake:3  | Bought a scroll of acquirement for 988 gold pieces
 41693 | Snake:3  | Acquired a +1 hat of stealth
 41694 | Snake:3  | Acquired 810 gold pieces
 42745 | Snake:4  | Entered Level 4 of the Snake Pit
 43025 | Snake:4  | Received a gift from Okawaru
 43198 | Snake:4  | Found Cicodgh's Armour Shoppe.
 43393 | Snake:4  | Reached skill level 15 in Maces & Flails
 43644 | Snake:4  | Got a serpentine rune of Zot
 43743 | Snake:4  | Reached skill level 17 in Throwing
 43745 | Snake:4  | Received a gift from Okawaru
 43787 | Snake:4  | Reached XP level 19. HP: 123/197 MP: 24/24
 43911 | Snake:4  | Noticed Nikola
 43929 | Snake:4  | Killed Nikola
 44041 | Snake:4  | Found a glowing golden altar of the Shining One.
 44053 | Snake:4  | Found Omaysoz's Book Boutique.
 44054 | Snake:4  | Found Byususir's Jewellery Shoppe.
 44055 | Snake:4  | Found Jixal's Book Boutique.
 44096 | Snake:4  | Reached skill level 15 in Fighting
 45348 | D:13     | Found a gate to the Vaults.
 45947 | D:14     | Reached skill level 10 in Dodging
 45970 | D:14     | Received a gift from Okawaru
 46166 | D:14     | Found the +8 arc blade {discharge, rElec}
 47261 | D:15     | Found a staircase to the Depths.
 47537 | Depths:1 | Entered Level 1 of the Depths
 47537 | Depths:1 | Found Nyraur's Magic Scroll Shoppe.
 47537 | Depths:1 | Found Rieploy's Antique Armour Shoppe.
 47572 | Depths:1 | Found a runed translucent door.
 47684 | Depths:1 | Found Ocoraa Dats's Antique Armour Shoppe.
 47693 | Depths:1 | Found Seamp's Assorted Antiques.
 47994 | Depths:1 | Received a gift from Okawaru
 48080 | Depths:1 | Found a gateway to Hell.
 48313 | Depths:1 | Found a gateway to a ziggurat.
 48345 | Depths:1 | Found a one-way gate leading to the halls of Pandemonium.
 49337 | Depths:1 | Reached XP level 20. HP: 153/210 MP: 25/25
 49352 | Depths:1 | Reached skill level 15 in Dodging
 50113 | Depths:2 | Received a gift from Okawaru
 50680 | Depths:2 | Received a gift from Okawaru
 50686 | Depths:2 | Identified the +8 dire flail "Vonk" {freeze, +Blink Stlth+}
                  | (Okawaru gifted it to you on level 2 of the Depths)
 50839 | Depths:2 | Found a portal to a secret trove of treasure.
 51181 | Depths:3 | Found a sparkling altar of Nemelex Xobeh.
 51202 | Depths:3 | Reached skill level 18 in Throwing
 51241 | Depths:3 | Found a runed translucent door.
 51242 | Depths:3 | Found a shimmering altar of Xom.
 51242 | Depths:3 | Noticed Teittuo's ghost (adept FeFi)
 51519 | Depths:3 | Reached XP level 21. HP: 102/213 MP: 27/27
 51813 | Depths:3 | Received a gift from Okawaru
 52163 | Depths:3 | Found Fier's Assorted Antiques.
 52441 | Depths:3 | Found a sparkling altar of Nemelex Xobeh.
 52473 | Depths:3 | Killed Teittuo's ghost
 52637 | Depths:3 | Found Fier's Assorted Antiques.
 53385 | Depths:4 | You fall into a shaft and drop 1 floor!
 53385 | Depths:5 | Entered Level 5 of the Depths
 53432 | Depths:5 | HP: 7/221 [deep troll (14)]
 53432 | Depths:5 | Slain by a deep troll

Illustrated notes

Levels and vault maps discovered:
D:1:      lemuel_arrival_room, layout_basic
D:2:      layout_basic, nicolae_overflow_crystal_walls, led_sif_pool, uniq_robin
D:3:      layout_basic, portal_sewer_entry_d, kennysheep_another_room,
          serial_park_tiny_pond, uniq_natasha, uniq_ijyb
D:4:      layout_loops_ring, grunt_dithmenos_shadows,
          nicolae_qazlal_style_of_elements, lightli_temple_of_fire,
          minmay_temple_entry_proselytizer, serial_forest,
          infiniplex_forest_straight_2, infiniplex_forest_straight_1,
          infiniplex_forest_lined_corner, infiniplex_forest_clump_tiny,
          infiniplex_forest_lined_room_3, kennysheep_cluttered_room,
          dk_rats_in_the_wall
D:5:      layout_gridville
D:6:      layout_basic, uniq_crazy_yiuf_cottage
D:7:      layout_loops_ring, nicolae_overflow_hidden_temple
D:8:      layout_basic, lemuel_coloured_pillars_altar,
          overflow_temple_1_default, enter_ossuary_4
D:9:      layout_loops_ring, minmay_the_grid_2x2 [minmay_the_grid_box_x,
          minmay_the_grid_x, minmay_the_grid_empty,
          minmay_the_grid_prize_diamond_cup]
D:10:     layout_cave_pods, lair_entry_dummy, enter_bailey_5,
          amcnicky_mini_rare_corridor_liquid
D:11:     layout_loops_ring
D:12:     layout_gridville, erik_orc_1, amcnicky_mini_corridor_feature
D:13:     minmay_stepped, layout_rooms, grunt_vaults_entry_fortified,
          serial_shops, shop_fountains, minmay_misc_feat_secret_circle
D:14:     minmay_shoctagon, layout_basic, serial_park_tiny_2
D:15:     gammafunk_enter_depths_forms, layout_loops_ring, serial_rivers,
          chequers_serial_rivers_marsh, chequers_serial_rivers_micro_d,
          chequers_serial_rivers_micro_a, chequers_serial_rivers_room_b,
          amethyst_killhole
Temple:   eino_temple_water
Lair:1:   layout_long_grid, uniq_joseph
Lair:2:   layout_regular_city, minmay_swamp_entry_worms, nzn_sisyphean_effort,
          grunt_megastairs_2
Lair:3:   nzn_winding_woodlands_huge [nzn_winding_woodlands_5x15_longhouse,
          nzn_winding_woodlands_5x15_split_checker,
          nzn_winding_woodlands_5x15_eye, nzn_winding_woodlands_5x15_crooked,
          nzn_winding_woodlands_5x15_sawtooth,
          nzn_winding_woodlands_5x15_jagged,
          nzn_winding_woodlands_5x15_sidewinder,
          nzn_winding_woodlands_5x15_parted,
          nzn_winding_woodlands_5x15_concentric,
          nzn_winding_woodlands_5x15_river_crossing,
          nzn_winding_woodlands_center_lodge,
          nzn_winding_woodlands_center_pierced_h,
          nzn_winding_woodlands_15x15_eel_pit], layout_regular_city,
          serial_rivers, chequers_serial_rivers_room_a,
          chequers_serial_rivers_small_a, chequers_serial_rivers_small_b,
          chequers_serial_rivers_small_a, nicolae_volcano_entry_vermiform,
          serial_bayou_pond_c
Lair:4:   wander_river, layout_long_grid, pf_torpor_hydra
Lair:5:   gammafunk_lair_enchanted_lake, layout_small_grid,
          gauntlet_entry_generic, chequers_serial_rivers_small_b, minivault_26,
          lemuel_fruit_tree, uniq_snorg
Lair:6:   grunt_lair_end_beastmaster, layout_regular_city, slime_altar_2
Swamp:1:  layout_falls_marsh, serial_swamp_ruin, evilmike_swamp_ruin_house_3,
          evilmike_swamp_ruin_house_2, evilmike_swamp_ruin_house_1
Swamp:2:  layout_basic_swamp, basic_altar, hangedman_swamp_phenomena
Swamp:3:  layout_falls_marsh, evilmike_swamp_ruin_rubble_2
Swamp:4:  byrel_swamp_growth_death_and_undeath, layout_basic_swamp, swamp_pool1
Snake:1:  layout_misc_corridors, minmay_shop_star, uniq_donald, uniq_aizul,
          uniq_jorgrun
Snake:2:  layout_misc_corridors, portal_ice_cave_entry_pillars_1,
          guppyfry_snake_island, uniq_azrael, uniq_frances
Snake:3:  layout_chambers, minmay_shoptagon, serial_bayou_shore_b
Snake:4:  snake_pit, layout_cave_town, serial_shops, nicolae_shop_waterfront,
          basic_altar, hangedman_snake_corridor_cut, minmay_shop_grove,
          uniq_nikola
Orc:1:    layout_caves, nicolae_orc_lava_tube, uniq_nergalle
Orc:2:    st_orc_congregation, layout_caves
Depths:1: layout_gridlike, enter_ziggurat_a, moated_statue, pan_entry,
          hellmouth_1, kennysheep_cross_room, drop_trap, chequers_jeans,
          minivault_10, chequers_serial_rivers_large_a, minmay_shop_grid_forest,
          minmay_variable_closet, minmay_acid_items
Depths:2: grunt_twist_and_shout, layout_cave_pools, minmay_splitting_lines,
          enter_trove_3, pf_dread_powers_of_hell
Depths:3: wad_guarded_room, layout_basic, hell_entry, rand_demon_pan_entry_1,
          ebering_ghost_xom, serial_shops, kennysheep_mini,
          nemelex_xobeh_ov_fountains_minmay, firewood_loft,
          minmay_staircase_windowed_large
Depths:4: evilmike_inaccessible_box, layout_honeycomb,
          small_statue_intersection, pan_entry, marbit_kobold_abyss_entry,
          grunt_hell_horde, st_stairs_12, infiniplex_staircase_zigzag_4
Depths:5: grunt_crosshair, layout_long_grid, hell_entry, minmay_misc_feat_five,
          minmay_hidden_floor

Skill      XL: |  1  2  3  4  5  6  7  8  9 10 11 12 13 14 15 16 17 18 19 20 21 |
---------------+----------------------------------------------------------------+-----
Maces & Flails | 3 4 5 7 8 9 10 12 13 14 15 16 | 16.0
Fighting       | 3 4 5 7 8 9 10 11 12 13 14 15 | 15.8
Dodging        | 3 4 5 6 7 8 9 14 15 | 15.0
Stealth        | 1 2 3 4 5 6 8 9 10 11 12 13 14 | 14.0
Throwing       | 4 5 7 8 9 10 11 12 13 14 15 17 18 | 18.0
Armour         | 1 2 3 4 5 6 7 8 9 |  9.0
Invocations    | 1 2 3 4 5 6 7 8 |  8.0
Evocations     | 1 2 3 4 |  4.0

Action                   |  1- 3 |  4- 6 |  7- 9 | 10-12 | 13-15 | 16-18 | 19-21 || total
-------------------------+-------+-------+-------+-------+-------+-------+-------++-------
Melee: Flail             |    34 |       |       |   183 |   287 |       |       ||   504
       Whip              |    36 |   143 |   413 |   674 |       |       |       ||  1266
       Punch             |       |       |       |     5 |     3 |       |       ||     8
       Dire flail        |       |       |       |       |   691 |   804 |   636 ||  2131
       Great mace        |       |       |       |       |       |       |    15 ||    15
Throw: Stone             |    67 |    59 |   183 |   504 |   686 |   457 |       ||  1956
       Throwing net      |     1 |     1 |       |     1 |       |       |     1 ||     4
       Boomerang         |       |     5 |       |     8 |    11 |   424 |   310 ||   758
       Javelin           |       |       |       |    19 |    12 |    32 |    55 ||   118
       Dart              |       |       |       |    21 |    14 |     7 |       ||    42
       Large rock        |       |       |       |    11 |    15 |    52 |   194 ||   272
Invok: Heroism           |       |       |     2 |    14 |    10 |    16 |     6 ||    48
       Finesse           |       |       |       |     5 |     4 |    11 |     4 ||    24
Evoke: Wand              |       |       |       |     1 |       |       |     1 ||     2
  Use: Scroll            |     6 |     6 |     8 |    10 |     8 |     6 |     6 ||    50
       Potion            |       |       |     7 |     8 |       |       |       ||    15
 Stab: Held in net/web   |     2 |       |       |     1 |       |       |       ||     3
       Sleeping          |     1 |     3 |     2 |    17 |    27 |    15 |    11 ||    76
       Invisible         |       |       |       |     2 |     5 |       |       ||     7
       Distracted        |       |       |       |     1 |       |     1 |       ||     2
Armor: Robe              |    21 |    20 |       |       |       |       |       ||    41
       Troll leather arm |       |    21 |   113 |   173 |    12 |    15 |   103 ||   437
       Swamp dragon scal |       |       |       |       |   168 |   131 |       ||   299
Dodge: Dodged            |    30 |    64 |   151 |   325 |   259 |   248 |   220 ||  1297
       Repelled          |       |       |       |     2 |       |    54 |     3 ||    59
Block: Other             |       |       |       |    23 |   105 |    96 |    17 ||   241
       Reflection        |       |       |       |       |     1 |    15 |     4 ||    20

Table legend: (Time is in decaauts)
 A = Elapsed time spent in this place.
 B = Non-inter-level travel time spent in this place.
 C = Inter-level travel time spent in this place.
 D = Time resting spent in this place.
 E = Time spent auto-exploring this place.
 F = Levels seen in this place.
 G = Mean time per level.
                   A        B        C        D        E       F      G
               +--------+--------+--------+--------+--------+-----+--------+
         Total |  51573 |  45491 |   6082 |   2246 |  34465 |  42 | 1227.9 |
       Dungeon |  17625 |  14948 |   2677 |    278 |  11471 |  15 | 1175.0 |
        Temple |    227 |    204 |     23 |      0 |    203 |   1 |  227.0 |
          Lair |  12379 |  10474 |   1905 |    906 |   7927 |   6 | 2063.2 |
         Swamp |   5130 |   4759 |    371 |    444 |   3772 |   4 | 1282.5 |
     Snake Pit |   5049 |   4726 |    323 |     46 |   3766 |   4 | 1262.2 |
  Orcish Mines |   2583 |   2378 |    205 |     28 |   1750 |   2 | 1291.5 |
        Depths |   5042 |   4466 |    576 |    359 |   3311 |   5 | 1008.4 |
         Sewer |    295 |    295 |      0 |      0 |    227 |   1 |  295.0 |
       Ossuary |    683 |    683 |      0 |      0 |    329 |   1 |  683.0 |
        Bailey |    781 |    781 |      0 |      6 |    403 |   1 |  781.0 |
      Ice Cave |   1077 |   1077 |      0 |    174 |    750 |   1 | 1077.0 |
      Gauntlet |    696 |    696 |      0 |      2 |    553 |   1 |  696.0 |
               +--------+--------+--------+--------+--------+-----+--------+

Top non-repeatable levels by time:
  Lair:3: 2906 daAuts
  Lair:2: 2357 daAuts
Depths:3: 2347 daAuts
  Lair:5: 2260 daAuts
  Lair:6: 2126 daAuts
    D:12: 1762 daAuts
Depths:1: 1745 daAuts
   Orc:2: 1650 daAuts
 Swamp:4: 1632 daAuts
  Lair:4: 1551 daAuts
    D:10: 1520 daAuts
     D:3: 1491 daAuts
 Snake:3: 1454 daAuts
     D:2: 1427 daAuts
 Snake:4: 1407 daAuts
